 Dungeon Crawl Stone Soup version 0.28.0 (webtiles) character file.

Game seed: 3790867947700663333

276 hikkokomori the Shield-Bearer (level 6, 0/49 HPs)
             Began as a Formicid Fighter on Feb 10, 2022.
             Was a High Priest of Ignis.
             Slain by an ogre (6 damage)
             ... on level 4 of the Dungeon.
             The game lasted 00:04:50 (3225 turns).

hikkokomori the Shield-Bearer (Formicid Fighter)    Turns: 3225, Time: 00:04:51

Health: 0/49       AC: 16    Str: 22    XL:     6   Next: 50%
Magic:  6/6        EV:  7    Int:  8    God:    Ignis [*****.]
Gold:   230        SH:  5    Dex: 10    Spells: 5/5 levels left

rFire   + . .      SeeInvis +   r - +0 halberd
rCold   . . .      Faith    .   c - +0 buckler
rNeg    . . .      Spirit   .   p - +0 chain mail
rPois   .          Reflect  .   (helmet unavailable)
rElec   .          Harm     .   (no cloak)
rCorr   .          Rampage  .   (no gloves)
Will    +....                   (no boots)
Stlth   ..........              (no amulet)
HPRegen 0.16/turn               m - ring of willpower
MPRegen 0.10/turn               (no ring)

@: fiery-armoured
A: permanent stasis, dig shafts and tunnels, antennae 3, four strong arms
a: Dig, Shaft Self, Renounce Religion, Fiery Armour, Foxfire Swarm, Rising Flame


You were on level 4 of the Dungeon.
You worshipped Ignis.
Ignis was extremely pleased with you.
You visited 1 branch of the dungeon, and saw 4 of its levels.

You collected 230 gold pieces.

Inventory:

Hand Weapons
 a - a +0 quarterstaff
 k - a +0 whip of holy wrath
 o - a +5 vorpal falchion
 r - a +0 halberd (weapon)
Armour
 b - a +0 scale mail
 c - a +0 buckler (worn)
 p - a +0 chain mail (worn)
Jewellery
 m - a ring of willpower (left hand)
Wands
 l - a wand of flame (15)
Scrolls
 e - a scroll of teleportation {unknown}
 f - 4 scrolls of amnesia {unknown}
 g - 2 scrolls of identify {unknown}
 j - a scroll of enchant armour {unknown}
 q - a scroll of fear {unknown}
Potions
 d - a potion of might
 h - 2 potions of haste {unknown}
 i - 2 potions of cancellation {unknown}
 n - a potion of flight {unknown}


   Skills:
 + Level 4.6 Fighting
 + Level 0.3(2.1) Polearms
 - Level 3.4(3.5) Staves
 + Level 4.7 Armour
 - Level 5.0 Shields


You had 5 spell levels left.
You didn't know any spells.
Your spell library contained the following spells:

 Spells                   Type           Power      Damage    Failure   Level
 Magic Dart               Conj           0%         1d3       99%         1
 Call Imp                 Summ           0%         N/A       100%        2
 Searing Ray              Conj           0%         2d4       100%        2
 Conjure Flame            Conj/Fire      0%         6-21      100%        3
 Ignite Poison            Fire/Tmut/Pois 0%         N/A       100%        3
 Mephitic Cloud           Conj/Pois/Air  0%         N/A       100%        3
 Fulminant Prism          Conj/Hex       0%         3d6       100%        4
 Iskenderun's Mystic Bla  Conj/Tloc      0%         2d3       100%        4
 Sticky Flame             Conj/Fire      0%         2d3       100%        4
 Lee's Rapid Deconstruct  Erth           0%         3d5*      100%        5


Dungeon Overview and Level Annotations

Branches:
Dungeon (4/15)
 Temple: D:4-7

Altars:
Ashenzari
Dithmenos
Gozag
Vehumet
Wu Jian
Ignis


Innate Abilities, Weirdness & Mutations

You cannot be hasted, slowed, berserked, paralysed or teleported.
You can dig through walls and to a lower floor.
You have a pair of large antennae on your head. (SInv)
Your four strong arms can wield two-handed weapons with a shield.


Message History

You closely miss the kobold.
The kobold is moderately wounded.
The kobold hits you but does no damage. The kobold barely misses you.
You slash the kobold!
You kill the kobold!
No target in view!
Things that are here:
a +0 short sword; 2 stones; a kobold corpse
Found an escape hatch in the ceiling.
Found a stone staircase leading up.
Things that are here:
a +0 short sword; 2 stones; a kobold corpse An ogre comes into view.
It is wielding a +0 giant club.
The ogre shouts!
An ogre is nearby!
You reach to attack!
You barely miss the ogre. You hit the ogre but do no damage.
The ogre barely misses you. The ogre completely misses you.
You barely miss the ogre. The ogre hits you with a +0 giant club!
You hit the ogre.
The ogre is moderately wounded.
The ogre closely misses you.
You closely miss the ogre.
The ogre is moderately wounded.
The ogre hits you with a +0 giant club!
You barely miss the ogre.
The ogre is moderately wounded.
The ogre barely misses you.
You closely miss the ogre.
The ogre is moderately wounded.
The ogre hits you with a +0 giant club.
You hit the ogre.
The ogre is moderately wounded.
The ogre hits you with a +0 giant club!
* * * LOW HITPOINT WARNING * * *
A protective cloak of flame settles atop you.
You block the ogre's attack.
You slash the ogre!
The ogre is severely wounded.
The ogre hits you with a +0 giant club.
You die...

... #..##.........##..#.#
..###.....†...........#.##
.........##..†..##........
#...##..###..#..## .......
#.......##..###..##.......
)...#.......###...........
....#..####..#............
.......# #.....O##.......
........# ####..@# .......
......... ###.#########
###...#### #)...<# # #####
#.###.##### # #.....<...#
. #.........# .
#......<..# #.........#
###########


You could see an ogre.

Vanquished Creatures
  Jessica (D:2)
  Terence (D:3)
  Natasha (twice) (D:2)
  An orc wizard (D:4)
  A hound skeleton (D:4)
  4 adders
  An adder skeleton (D:4)
  2 worms (D:3)
  A dart slug (D:1)
  7 orcs
  7 endoplasms
  2 giant cockroaches
  8 hobgoblins
  8 jackals
  2 quokkas
  5 ball pythons
  7 bats
  4 frilled lizards
  9 goblins
  5 kobolds
  7 rats
85 creatures vanquished.

Notes
Turn   | Place    | Note
-------+----------+-------------------------------------------
     0 | D:1      | hikkokomori the Formicid Fighter began the quest for the
                  | Orb.
     0 | D:1      | Reached XP level 1. HP: 18/18 MP: 1/1
   174 | D:1      | Reached XP level 2. HP: 24/24 MP: 2/2
   458 | D:1      | Reached XP level 3. HP: 8/29 MP: 3/3
   698 | D:1      | Reached skill level 4 in Shields
  1246 | D:2      | Found a faded altar of an unknown god.
  1252 | D:2      | Prayed at the altar of an unknown god.
  1252 | D:2      | Became a worshipper of Ignis, the Dying Flame
  1649 | D:2      | Noticed Jessica
  1656 | D:2      | Killed Jessica
  1657 | D:2      | Reached XP level 4. HP: 19/37 MP: 4/4
  1806 | D:2      | Noticed Natasha
  1812 | D:2      | Killed Natasha
  1813 | D:2      | Reached XP level 5. HP: 37/42 MP: 5/5
  1844 | D:2      | Noticed Natasha
  1855 | D:2      | Killed Natasha
  2303 | D:3      | Found a radiant altar of Vehumet.
  2427 | D:3      | Noticed Terence
  2433 | D:3      | Killed Terence
  2550 | D:3      | Found an ornate altar of the Wu Jian Council.
  2555 | D:3      | Reached XP level 6. HP: 49/49 MP: 6/6
  2945 | D:3      | Found an opulent altar of Gozag.
  2946 | D:3      | Found a broken altar of Ashenzari.
  3036 | D:4      | Reached skill level 5 in Shields
  3092 | D:4      | Found a shadowy altar of Dithmenos.
  3211 | D:4      | Noticed an ogre
  3225 | D:4      | Slain by an ogre

Illustrated notes

Levels and vault maps discovered:
D:1:      dpeg_arrival_brainrot, layout_basic, minmay_split_cup_small
D:2:      layout_rooms, chequers_ecumenical_altar_simple, wad_floor_pattern_2,
          bh_walls_and_bars, uniq_natasha, uniq_jessica
D:3:      layout_rooms, nicolae_vehumet_altar_sigil,
          nicolae_wu_jian_immortal_techniques, mainiacjoe_overflow_divided_tiny,
          uniq_terence
D:4:      layout_rooms, nicolae_dithmenos_shadow_blocks, lemuel_round_altar,
          mainiacjoe_overflow_paths, old_standard_altar,
          nicolae_concentric_dashed_squares_wild

Skill      XL: |  1  2  3  4  5  6 |
---------------+-------------------+-----
Shields        | 4 5 |  5.0
Armour         | 4 |  4.7
Fighting       | 4 |  4.6
Staves         | 3 |  3.4
Polearms       | |  0.3

Action                   |  1- 3 |  4- 6 || total
-------------------------+-------+-------++-------
Melee: Quarterstaff      |   113 |    96 ||   209
       Halberd           |       |    31 ||    31
Invok: Fiery Armour      |       |     2 ||     2
 Abil: Dig               |       |     2 ||     2
Armor: Scale mail        |    55 |    35 ||    90
       Chain mail        |       |    43 ||    43
Dodge: Dodged            |    69 |    38 ||   107
Block: Buckler           |    24 |    41 ||    65
